Map: Proxima Station LE

Players

Awers (Hades) - Winner!

  • Race: Terran Terran
  • Spawn Location: 1:00

ShaDoWn

  • Race: Protoss Protoss
  • Spawn Location: 7:00

Event: WCS Jonkoping 2017

VOD

Have the link to the VOD?

Description

Time

  • Played on: June 17, 2017, 10:56 a.m.
  • Length: 22:43

All games in this series

Show
View Real Time Build Order
Export as new Build Order

Awers Terran - Winner!

Build Orders: Reaper Expand, Mech 

Get SALT Encoding   

  12  0:00  SCV  
  13  0:12  SCV  
  14  0:17  Supply Depot  
  14  0:24  SCV  
  14  0:27  Refinery  
  15  0:39  SCV  
  16  0:44  Barracks  
  16  0:51  SCV  
  17  1:03  SCV  
  18  1:15  SCV  
  19  1:31  Orbital Command  
  19  1:32  Reaper  
  20  1:44  Command Center  
  20  1:54  Factory  
  20  1:58  SCV  
  21  2:05  Refinery  
  21  2:07  Barracks Reactor  
  21  2:11  SCV  
  22  2:17  Supply Depot  
  22  2:23  SCV  
  23  2:38  SCV  
  24  2:46  Widow Mine  
  24  2:47  Marine x2  
  24  2:50  Starport  
  24  2:51  SCV  
  29  3:03  SCV, Orbital Command  
  30  3:08  Marine  
  31  3:15  SCV, Widow Mine  
  34  3:26  Marine x2  
  35  3:27  Viking  
  35  3:29  SCV  
  35  3:30  SCV  
  39  3:41  Supply Depot  
  39  3:42  Armory  
  39  3:44  SCV  
  39  3:47  SCV  
  41  3:50  Marine  
  41  3:51  Marine  
  43  3:56  SCV  
  43  4:00  SCV  
  43  4:01  Factory Tech Lab  
  45  4:05  Supply Depot  
  45  4:08  SCV  
  46  4:11  Starport Tech Lab  
  46  4:12  SCV, Engineering Bay  
  47  4:20  SCV  
  47  4:24  SCV  
  49  4:30  Thor  
  55  4:32  SCV  
  55  4:33  Terran Vehicle Weapons Level 1  
  55  4:35  Marine x2  
  55  4:37  SCV  
  59  4:43  Missile Turret  
  59  4:44  Missile Turret  
  59  4:47  SCV  
  60  4:53  SCV  
  60  4:54  Supply Depot  
  60  4:59  SCV  
  62  5:08  Factory  
  62  5:11  Refinery, Supply Depot  
  62  5:15  Siege Tank, SCV x2  
  62  5:19  Refinery  
  67  5:22  Barracks Tech Lab  
  67  5:24  Supply Depot  
  67  5:25  Factory  
  67  5:27  SCV  
  68  5:40  SCV  
  68  5:41  SCV  
  70  5:46  Infernal Pre-Igniter  
  68  5:51  Command Center  
  68  5:53  Hellion x2, SCV  
  68  5:56  Hellion  
  75  5:58  SCV  
  76  6:05  SCV  
  76  6:09  Factory  
  76  6:10  Starport Reactor  
  78  6:11  SCV  
  78  6:16  Hellion x2, Supply Depot  
  78  6:17  SCV  
  83  6:21  Siege Tank  
  83  6:23  Barracks Reactor  
  86  6:27  Supply Depot  
  86  6:33  Terran Vehicle Weapons Level 2  
  86  6:37  SCV  
  86  6:39  Liberator  
  87  6:41  SCV  
  87  6:42  Supply Depot  
  87  6:43  Hellion  
  87  6:46  Siege Tank  
  91  6:50  SCV  
  92  6:58  SCV  
  92  7:01  Hellion x2  
  100  7:06  Orbital Command  
  100  7:08  Medivac  
  100  7:09  SCV  
  100  7:11  SCV  
  104  7:17  Supply Depot  
  104  7:18  Supply Depot  
  104  7:22  Hellion x2  
  108  7:23  SCV  
  108  7:24  SCV  
  108  7:31  Sensor Tower  
  108  7:33  Hellion, Supply Depot  
  108  7:36  Hellion x2  
  114  7:44  Hellion x2  
  115  7:54  Hellion  
  115  7:57  Siege Tank, Supply Depot  
  114  8:00  Supply Depot  
  114  8:05  Siege Tank  
  94  8:14  Hellion  
  94  8:16  Refinery  
  94  8:19  SCV  
  94  8:22  Liberator  
  94  8:24  Hellion x2, Liberator  
  94  8:25  SCV x2  
  100  8:31  SCV  
  101  8:37  SCV x2  
  109  8:43  SCV  
  110  8:49  SCV x2  
  113  8:55  SCV  
  113  8:56  Hellion x3  
  113  9:01  SCV  
  117  9:05  Liberator  
  117  9:07  Liberator  
  119  9:10  Hellion x3  
  117  9:18  Hellion  
  117  9:19  Hellion x2  
  117  9:22  Refinery  
  117  9:23  Terran Vehicle And Ship Armor Level 1  
  129  9:31  Siege Tank  
  129  9:32  SCV  
  129  9:34  Hellion x2  
  129  9:36  SCV  
  138  9:39  Hellion  
  138  9:45  Hellion  
  135  9:51  Hellion  
  136  9:53  SCV  
  136  9:55  Siege Tank  
  136  9:56  SCV  
  139  10:03  Siege Tank  
  139  10:05  Hellion x2  
  144  10:11  SCV x2  
  146  10:28  Supply Depot  
  146  10:29  Supply Depot  
  146  10:42  Cyclone  
  149  10:47  SCV x2  
  149  10:48  SCV  
  148  10:50  Siege Tank  
  148  10:51  Siege Tank, Hellion x2  
  156  10:59  SCV x2  
  156  11:00  SCV  
  130  11:05  Hellion  
  122  11:12  Hellion  
  122  11:13  Liberator, SCV  
  125  11:23  Siege Tank  
  125  11:26  Liberator  
  125  11:29  Siege Tank, Hellion x3  
  137  11:40  Hellion  
  138  11:48  SCV  
  138  11:51  Cyclone  
  142  11:55  Siege Tank  
  142  11:56  SCV  
  146  12:02  Terran Vehicle Weapons Level 3  
  146  12:03  Cyclone  
  136  12:08  Liberator  
  136  12:09  Liberator  
  136  12:14  Siege Tank  
  136  12:15  Hellion  
  104  12:16  Hellion  
  99  12:36  Siege Tank  
  104  12:37  Hellion  
  104  12:40  Hellion x3  
  107  12:54  Supply Depot  
  107  12:56  Hellion  
  111  12:58  Hellion  
  111  13:02  Hellion x3  
  117  13:08  Liberator  
  117  13:09  Siege Tank  
  120  13:13  Liberator  
  120  13:18  Hellion  
  122  13:23  Command Center  
  122  13:24  Hellion  
  124  13:27  Cyclone  
  130  13:39  Cyclone  
  130  13:40  Cyclone  
  136  13:46  Supply Depot  
  136  13:55  Siege Tank x2  
  142  13:59  Starport  
  142  14:01  Starport  
  142  14:06  Hellion x2  
  146  14:23  Viking x2  
  150  14:24  Cyclone  
  153  14:38  Siege Tank, Hellion  
  146  14:47  Siege Tank, Hellion  
  146  14:48  Hellion  
  153  14:54  Starport Tech Lab x2  
  153  14:59  Viking x2  
  155  15:07  Cyclone  
  155  15:08  Hellion  
  157  15:21  Raven x2  
  161  15:37  Planetary Fortress  
  161  15:42  Missile Turret  
  161  15:44  Viking  
  161  15:49  Terran Ship Weapons Level 1  
  163  15:59  Refinery  
  163  16:02  Corvid Reactor  
  160  16:05  Raven  
  160  16:06  Raven  
  164  16:21  Viking  
  164  16:22  Viking  
  168  16:31  Hellion  
  168  16:32  Starport  
  170  16:33  Starport  
  170  16:38  Armory  
  182  16:47  Refinery, Supply Depot  
  180  16:56  Raven  
  180  16:58  Raven  
  180  16:59  Hellion x3  
  180  17:00  Hellion x2, Viking  
  180  17:01  Viking  
  178  17:13  Missile Turret x2  
  178  17:17  Missile Turret  
  178  17:30  Viking  
  178  17:32  Siege Tank, Thor, Hellion  
  178  17:35  Starport Tech Lab  
  178  17:36  Hellion x2  
  195  17:39  Raven  
  195  17:40  Hellion x5  
  197  17:56  Raven  
  199  18:01  Command Center  
  199  18:08  Orbital Command  
  199  18:11  Starport Tech Lab  
  199  18:23  Sensor Tower  
  193  18:30  Refinery x2  
  191  18:39  Raven x2  
  195  18:45  Hellion x2  
  195  19:00  Fusion Core  
  195  19:01  Missile Turret  
  195  19:16  Orbital Command  
  195  19:21  Orbital Command  
  168  19:34  Recalibrated Explosives  
  168  19:36  Siege Tank, Hellion x2  
  165  19:42  Siege Tank  
  165  19:43  Hellion  
  165  19:44  Hellion x3  
  170  19:49  Raven x2  
  174  19:58  SCV x3  
  174  20:11  Raven  
  174  20:13  Hellion x5  
  186  20:17  Viking  
  186  20:19  Hellion  
  186  20:21  SCV  
  191  20:22  Refinery  
  189  20:34  Hellion x3  
  192  20:57  Siege Tank, Hellion  
  182  21:04  Raven x2  
  183  21:14  Viking x2  
  171  21:59  Siege Tank, Hellion  
  171  22:00  Viking  
  161  22:02  Hellion x3  
  161  22:03  Hellion  
  158  22:10  SCV x2  
  158  22:11  SCV  
  158  22:13  SCV  
  162  22:22  SCV  
Show
View Real Time Build Order
Export as new Build Order

ShaDoWn Protoss 

Build Orders: Nexus First 

Get SALT Encoding   

  12  0:00  Probe (Chrono Boost)  
  13  0:11  Probe (Chrono Boost)  
  14  0:17  Pylon  
  14  0:22  Probe (Chrono Boost)  
  15  0:35  Probe (Chrono Boost)  
  16  0:45  Probe (Chrono Boost)  
  17  0:56  Probe (Chrono Boost)  
  18  1:04  Nexus  
  18  1:12  Gateway  
  18  1:15  Probe (Chrono Boost)  
  19  1:19  Assimilator  
  19  1:25  Probe (Chrono Boost)  
  20  1:28  Assimilator  
  20  1:36  Probe (Chrono Boost)  
  20  1:39  Pylon  
  21  1:46  Probe (Chrono Boost)  
  22  1:57  Probe (Chrono Boost)  
  22  1:59  Cybernetics Core  
  23  2:06  Zealot (Chrono Boost)  
  23  2:07  Probe (Chrono Boost)  
  27  2:15  Probe (Chrono Boost)  
  27  2:18  Probe (Chrono Boost)  
  28  2:25  Probe (Chrono Boost)  
  28  2:28  Probe (Chrono Boost)  
  30  2:35  Probe  
  30  2:37  Warp Gate, Adept (Chrono Boost)  
  33  2:40  Probe  
  34  2:45  Probe  
  34  2:52  Probe  
  34  2:56  Probe  
  36  3:04  Probe (Chrono Boost)  
  39  3:08  Probe (Chrono Boost)  
  38  3:16  Probe (Chrono Boost)  
  39  3:20  Probe (Chrono Boost)  
  40  3:27  Probe (Chrono Boost)  
  40  3:29  Robotics Facility  
  40  3:31  Probe (Chrono Boost), Twilight Council  
  39  3:37  Probe (Chrono Boost)  
  41  3:41  Probe (Chrono Boost)  
  41  3:48  Probe (Chrono Boost)  
  42  3:50  Pylon  
  42  3:52  Mothership Core (Chrono Boost)  
  44  3:56  Nexus  
  44  3:58  Probe (Chrono Boost)  
  44  4:02  Pylon  
  45  4:08  Assimilator  
  45  4:09  Probe (Chrono Boost), Assimilator  
  46  4:10  Probe (Chrono Boost), Blink  
  47  4:18  Observer  
  47  4:19  Probe (Chrono Boost)  
  47  4:21  Probe (Chrono Boost)  
  47  4:23  Gateway  
  50  4:28  Gateway  
  50  4:30  Probe (Chrono Boost)  
  51  4:32  Probe (Chrono Boost)  
  52  4:39  Observer  
  52  4:40  Pylon, Probe (Chrono Boost)  
  52  4:43  Probe (Chrono Boost)  
  52  4:44  Stalker  
  57  4:51  Probe (Chrono Boost)  
  58  4:53  Probe (Chrono Boost)  
  59  5:01  Pylon  
  59  5:02  Probe (Chrono Boost)  
  59  5:04  Probe (Chrono Boost)  
  59  5:05  Immortal (Chrono Boost)  
  65  5:08  Probe (Chrono Boost)  
  65  5:10  Sentry  
  65  5:12  Probe (Chrono Boost)  
  69  5:14  Probe (Chrono Boost)  
  69  5:18  Probe (Chrono Boost)  
  71  5:23  Probe (Chrono Boost)  
  71  5:24  Forge  
  71  5:25  Probe (Chrono Boost)  
  73  5:29  Probe (Chrono Boost)  
  73  5:33  Probe (Chrono Boost)  
  73  5:35  Probe (Chrono Boost)  
  74  5:36  Zealot, Stalker  
  74  5:37  Zealot  
  74  5:38  Probe (Chrono Boost)  
  74  5:42  Immortal (Chrono Boost)  
  81  5:46  Probe  
  86  5:54  Protoss Ground Weapons Level 1 (Chrono Boost)  
  86  5:57  Gateway  
  86  5:58  Gateway  
  86  5:59  Gateway  
  86  6:02  Gateway  
  86  6:03  Gateway  
  86  6:06  Probe  
  86  6:10  Pylon  
  87  6:14  Zealot  
  87  6:15  Zealot  
  87  6:17  Warp Prism  
  91  6:20  Gateway  
  91  6:25  Pylon  
  93  6:28  Pylon  
  93  6:29  Pylon  
  93  6:31  Charge (Chrono Boost)  
  93  6:40  Zealot x3  
  93  6:42  Pylon  
  99  6:56  Photon Cannon x2  
  99  6:57  Photon Cannon  
  99  7:02  Sentry  
  99  7:03  Zealot x4  
  99  7:04  Zealot  
  99  7:07  Zealot, Observer  
  113  7:08  Zealot  
  116  7:30  Pylon  
  116  7:35  Zealot x5  
  116  7:36  Zealot x4  
  133  7:48  Probe  
  120  8:00  Zealot x2  
  120  8:01  Zealot x7  
  120  8:03  Probe  
  120  8:04  Protoss Ground Weapons Level 2  
  85  8:14  Probe  
  85  8:17  Probe, Immortal  
  77  8:26  Nexus  
  81  8:30  Templar Archives  
  81  8:52  Immortal  
  81  8:53  Probe  
  81  8:54  Probe x2  
  88  9:04  Stalker x2  
  88  9:06  Stalker  
  88  9:09  Probe  
  89  9:19  Probe x2  
  89  9:21  Probe  
  92  9:26  Immortal, Stargate  
  96  9:31  Probe x2  
  96  9:33  Zealot x6, Probe  
  96  9:34  Zealot x3  
  117  9:41  Pylon x2  
  117  9:42  Pylon  
  117  9:49  Pylon x2  
  107  9:56  High Templar x2  
  107  9:57  High Templar x7  
  123  10:00  Immortal  
  123  10:01  Archon  
  123  10:02  Pylon, Archon x3  
  117  10:08  Pylon  
  117  10:25  Pylon  
  116  10:29  High Templar x3  
  116  10:30  Zealot x5  
  116  10:31  Zealot  
  116  10:34  Immortal, Archon  
  134  10:37  Archon  
  138  10:51  Zealot x6  
  150  11:00  Probe  
  121  11:06  Probe  
  121  11:09  Immortal  
  96  11:12  Zealot x8  
  96  11:13  Zealot  
  115  11:33  Stalker  
  115  11:34  Stalker x8  
  133  11:43  Immortal  
  137  11:57  Stalker  
  137  11:58  Stalker x2  
  137  11:59  Stalker  
  137  12:00  Zealot x4  
  135  12:09  Probe  
  135  12:10  Protoss Ground Weapons Level 3  
  135  12:15  Probe  
  97  12:22  Sentry x2, Stalker x2  
  99  12:23  Stalker x2, Warp Prism  
  99  12:25  Assimilator  
  99  12:26  Assimilator  
  99  12:27  Assimilator  
  99  12:28  Assimilator  
  107  12:36  Zealot x2  
  111  12:49  Stalker x3  
  111  12:50  Zealot x2  
  121  12:51  Zealot  
  121  12:56  Photon Cannon  
  123  13:03  Stalker x2  
  121  13:06  Stalker  
  119  13:21  Probe  
  119  13:24  Probe  
  118  13:27  Stalker x3  
  122  13:46  Probe  
  122  13:48  Stalker x3  
  127  13:54  Stargate  
  127  14:02  Probe x2  
  129  14:05  Immortal  
  131  14:29  Stalker x4  
  136  14:40  Immortal  
  140  14:48  Zealot  
  140  14:49  Zealot x3, Nexus  
  145  15:07  Oracle  
  145  15:14  Immortal  
  146  15:15  Pylon  
  146  15:17  Zealot x6  
  160  15:44  Fleet Beacon  
  160  15:48  Warp Prism  
  160  15:49  Probe  
  161  15:51  Assimilator  
  161  15:52  Pylon  
  161  15:53  Assimilator  
  163  15:57  Photon Cannon  
  163  16:15  Void Ray x2 (Chrono Boost)  
  163  16:18  Zealot  
  170  16:19  Zealot x2  
  171  16:34  Probe  
  171  16:35  Probe  
  171  16:36  Probe x3  
  176  16:45  Probe  
  174  16:55  Void Ray x2 (Chrono Boost)  
  174  16:56  Probe  
  181  17:05  High Templar x2  
  181  17:06  Pylon, High Templar x2  
  181  17:07  Zealot, High Templar x2  
  181  17:08  Pylon  
  195  17:10  Archon  
  195  17:11  Pylon, Archon x2, Photon Cannon  
  192  17:25  Pylon  
  192  17:35  Zealot x3  
  198  17:45  Stargate  
  194  17:53  Probe  
  195  18:15  Pylon, Nexus  
  195  18:30  Stargate  
  195  18:31  Stargate  
  195  18:40  Nexus  
  195  18:41  Pylon  
  195  18:47  Probe  
  195  18:49  Probe  
  195  18:50  Probe  
  198  18:58  Probe  
  198  19:00  Probe  
  196  19:07  Tempest (Chrono Boost)  
  198  19:15  Nexus  
  198  19:27  Photon Cannon  
  198  19:31  Photon Cannon  
  175  19:33  Tempest (Chrono Boost)  
  175  19:35  Assimilator  
  183  19:38  Stalker  
  183  19:39  Probe, Tempest x3 (Chrono Boost), Assimilator  
  183  19:40  Probe  
  185  19:53  Probe  
  185  19:54  Probe  
  185  19:55  Probe x4  
  191  20:04  Probe  
  191  20:05  Probe  
  191  20:06  Templar Archives  
  193  20:07  Probe  
  193  20:09  Probe x4  
  198  20:14  Probe  
  199  20:26  Protoss Shields Level 1 (Chrono Boost)  
  198  20:32  Tempest (Chrono Boost)  
  199  20:43  Protoss Air Weapons Level 1 (Chrono Boost)  
  193  21:13  Tempest  
  193  21:15  Tempest  
  191  21:20  Tempest  
  197  21:38  Mothership Core  
  189  21:43  Probe  
  189  21:44  Pylon x2  
  189  21:45  Probe, Assimilator  
  179  21:47  Pylon x2  
  179  21:49  Assimilator  
  179  21:53  Zealot x3  
  160  21:54  Zealot x6  
  82  22:18  Zealot x4  
  82  22:19  Zealot x5  
  68  22:39  Zealot  
  68  22:40  Zealot x6  
Tags
 
Add a new tag
Caveats
  • Supply blocks, unpowered buildings, or Contaminate may cause inaccurate times.
  • Supply counts are checked every 10 seconds.